 Dungeon Crawl Stone Soup version 0.29-a0-219-g0a02b1cf4f (console) character file.

Game seed: 8216374383529424453

88 jejorda2 the Shooter (level 4, 0/27 HPs)
             Began as a Tengu Hunter on Feb 25, 2022.
             Succumbed to an orc wizard's poison
             ... on level 2 of the Dungeon.
             The game lasted 00:04:00 (2155 turns).

jejorda2 the Shooter (Tengu Hunter)                 Turns: 2155, Time: 00:04:01

Health: 0/27       AC:  5    Str: 13    XL:     4   Next: 54%
Magic:  5/5        EV: 12    Int: 11    God:
Gold:   202        SH:  0    Dex: 16    Spells: 3/3 levels left

rFire   . . .      SeeInvis .   a - +1 shortbow
rCold   . . .      Faith    .   (shield currently unavailable)
rNeg    . . .      Spirit   .   b - +0 leather armour
rPois   .          Reflect  .   (helmet restricted)
rElec   .          Harm     .   p - +0 cloak
rCorr   +          Rampage  .   c - +0 pair of gloves
Will    +....                   (boots unavailable)
Stlth   ++........              u - amulet of regeneration
HPRegen 0.89/turn               l - ring of willpower
MPRegen 0.09/turn               n - ring of resist corrosion

@: brilliant, lethally poisoned (0 -> -25)
A: beak, talons 3
a: no special abilities


You were on level 2 of the Dungeon.
You visited 1 branch of the dungeon, and saw 3 of its levels.

You collected 202 gold pieces.

Inventory:

Hand Weapons
 a - a +1 shortbow (weapon)
Armour
 b - a +0 leather armour (worn)
 c - a +0 pair of gloves (worn)
 p - a +0 cloak (worn)
Jewellery
 l - a ring of willpower (left hand)
 n - a ring of resist corrosion (right hand)
 u - an amulet of regeneration (around neck)
Scrolls
 d - 2 scrolls of noise {unknown}
 e - 2 scrolls of fog {unknown}
 f - a scroll of magic mapping {unknown}
 g - a scroll of enchant weapon {unknown}
 h - a scroll of enchant armour {unknown}
 m - 2 scrolls of teleportation {unknown}
 q - a scroll of vulnerability {unknown}
 r - a scroll of identify {unknown}
 s - a scroll of brand weapon {unknown}
 t - a scroll of fear {unknown}
Potions
 k - a potion of ambrosia {unknown}
 o - a potion of curing {unknown}


   Skills:
 + Level 2.6 Fighting
 * Level 5.3 Bows
 + Level 3.0 Dodging
 + Level 2.1 Stealth


You had 3 spell levels left.
You didn't know any spells.
Your spell library contained the following spells:

 Spells                   Type           Power      Damage    Failure   Level
 Summon Small Mammal      Summ           0%         N/A       41%         1
 Call Canine Familiar     Summ           0%         N/A       80%         3
 Summon Guardian Golem    Hex/Summ       0%         N/A       80%         3
 Tukima's Dance           Hex            0%         N/A       80%         3
 Passage of Golubria      Tloc           0%         N/A       99%         4
 Yara's Violent Unravell  Hex/Tmut       0%         3d3       100%        5


Dungeon Overview and Level Annotations

Branches:
Dungeon (3/15)

Altars:

Shops:
D:3 =


Innate Abilities, Weirdness & Mutations

You have a beak for a mouth.
You have claws for feet.


Message History

You shoot an arrow. The arrow barely misses the orc.
Something hits you.
You are poisoned.
You feel sick. Something hits you but does no damage.
You are more poisoned.
You climb upwards.
Reactivating autopickup.
You feel very sick.
There is a stone staircase leading down here.
Shoot: a) +1 shortbow
Press: ? - help, Q - select action Shift-Dir - straight line You shoot an arrow.
You feel very sick. Something completely misses you. Something hits you.
You are more poisoned.
Deactivating autopickup; reactivate with Ctrl-A.
Shoot: a) +1 shortbow
Press: ? - help, Q - select action Shift-Dir - straight line You shoot an arrow.
You feel very sick. Something hits you.
You are lethally poisoned!
It was a potion of brilliance.
You feel clever all of a sudden.
* * * LOW HITPOINT WARNING * * *
You feel very sick. Something hits you but does no damage.
You are more poisoned.
It was a potion of heal wounds.
You feel much better.
You feel very sick. Something hits you but does no damage.
You are lethally poisoned!
Shoot: a) +1 shortbow
Press: ? - help, Q - select action Shift-Dir - straight line You shoot an arrow.
You feel extremely sick. Something hits you.
You are more poisoned.
Shoot: a) +1 shortbow
Press: ? - help, Q - select action Shift-Dir - straight line You shoot an arrow.
You die...

#...†...<.....#.#.##.#
#.###.#######.#.#.##.#
#.# #.# #.#.#>#... #.#
#.# #.#.#.#..# #.# #.#
#.#.#..... #.# #.#
#.#.###..# #.# #.#
#.#.###..# #.# #{#
#......... #.# #@#
###.....## #.# #.#
#.###### ####.# #.#
#.# # #....# #.#
#.###### #.#### #.#
##[...... #.# #.#
####...##### #.# #.#
#......# #.######.#
#.##...# #.#......#
#.######


There were no monsters in sight!

Vanquished Creatures
  3 adders
  A worm (D:2)
  3 orcs (D:3)
  6 endoplasms
  A giant cockroach (D:1)
  2 goblins (D:2)
  3 hobgoblins
  9 jackals
  2 kobolds
  2 quokkas (D:1)
  7 ball pythons
  A bat (D:3)
  3 frilled lizards
  13 rats
56 creatures vanquished.

Notes
Turn   | Place    | Note
-------+----------+-------------------------------------------
     0 | D:1      | jejorda2 the Tengu Hunter began the quest for the Orb.
     0 | D:1      | Reached XP level 1. HP: 12/12 MP: 2/2
   226 | D:1      | Reached XP level 2. HP: 14/17 MP: 3/3
   809 | D:2      | Reached XP level 3. HP: 21/21 MP: 4/4
  1099 | D:2      | Reached skill level 5 in Bows
  1379 | D:2      | Reached XP level 4. HP: 19/27 MP: 5/5
  1631 | D:3      | Found Maiffo's Jewellery Emporium.
  2155 | D:2      | Succumbed to an orc wizard's poison

Illustrated notes

Levels and vault maps discovered:
D:1:      lightli_arrival_quake, layout_basic, minmay_rat_gold_closets
D:2:      layout_loops_ring, minivault_14
D:3:      layout_basic, serial_shops, nicolae_lakefront_shop,
          minmay_misc_feat_rows, minivault_19, ebering_dispersal_statue_hall,
          nrook_mini_vaults, uniq_crazy_yiuf_cottage

Skill      XL: |  1  2  3  4 |
---------------+-------------+-----
Bows           | 5 |  5.3
Stealth        | 2 |  2.1
Dodging        | 3 |  3.0
Fighting       | |  2.6

Action                   |  1- 3 |  4- 6 || total
-------------------------+-------+-------++-------
 Fire: Shortbow          |   102 |    59 ||   161
  Use: Potion            |       |     2 ||     2
Armor: Leather armour    |    18 |     8 ||    26
Dodge: Dodged            |    46 |    12 ||    58

Table legend: (Time is in decaauts)
 A = Elapsed time spent in this place.
 B = Non-inter-level travel time spent in this place.
 C = Inter-level travel time spent in this place.
 D = Time resting spent in this place.
 E = Time spent auto-exploring this place.
 F = Levels seen in this place.
 G = Mean time per level.
                   A        B        C        D        E       F      G
               +--------+--------+--------+--------+--------+-----+--------+
         Total |   2200 |   2181 |     19 |      0 |   1836 |   3 |  733.3 |
       Dungeon |   2200 |   2181 |     19 |      0 |   1836 |   3 |  733.3 |
               +--------+--------+--------+--------+--------+-----+--------+

Top non-repeatable levels by time:
     D:2: 911 daAuts
     D:1: 719 daAuts
     D:3: 569 daAuts
